 Dungeon Crawl Stone Soup version 0.29-a0-541-gaf1fc19f1b (webtiles) character file.

Game seed: 1411832667878286729

133 swifteh the Poker (level 4, -6/15 (38) HPs)
             Began as a Minotaur Gladiator on June 2, 2022.
             Mangled by a gnoll
             ... wielding a +0 halberd
              (7 damage)
             ... on level 4 of the Dungeon.
             The game lasted 00:17:05 (3511 turns).

swifteh the Poker (Minotaur Gladiator)              Turns: 3511, Time: 00:17:05

HP:   -6/15 (38)    AC:  8    Str: 20    XL:     4   Next: 93%
MP:   3/3           EV: 12    Int:  5    God:
Gold: 196           SH:  0    Dex: 12    Spells: 0/3 levels left

rFire   . . .      SeeInvis .   u - +2 mace (protect)
rCold   . . .      Faith    .   (no shield)
rNeg    . . .      Spirit   .   v - +0 chain mail
rPois   .          Reflect  .   c - +0 hat
rElec   .          Harm     .   n - scarf {+Inv}
rCorr   .          Rampage  .   (no gloves)
Will    .....                   (no boots)
Stlth   ..........              (no amulet)
HPRegen 0.05/turn               m - +4 ring of evasion
MPRegen 0.08/turn               y - ring of flight

@: on berserk cooldown, flying, slowed, extremely drained, very slow
A: horns 2, retaliatory headbutt
a: Evoke Invisibility


You were on level 4 of the Dungeon.
You visited 1 branch of the dungeon, and saw 4 of its levels.

You collected 196 gold pieces.

Inventory:

Hand Weapons
 a - a +0 trident
 b - a +1 vorpal flail
 l - a +0 hunting sling
 u - a +2 mace of protection (weapon)
Missiles
 d - 2 throwing nets
 e - a javelin
 w - 69 stones
Armour
 c - a +0 hat (worn)
 n - a scarf of invisibility (worn)
 v - a +0 chain mail (worn)
Jewellery
 m - a +4 ring of evasion (left hand)
 s - a +6 ring of intelligence
 y - a ring of flight (right hand)
Scrolls
 f - a scroll of enchant armour {unknown}
 h - a scroll of vulnerability {unknown}
 j - a scroll of acquirement {unknown}
 k - a scroll of fear {unknown}
 q - a scroll of poison {unknown}
 t - 2 scrolls of teleportation {unknown}
Potions
 p - 2 potions of heal wounds {unknown}
 r - a potion of might {unknown}
 x - a potion of degeneration {unknown}
 z - a potion of brilliance {unknown}
 A - a potion of attraction {unknown}
 B - a potion of cancellation {unknown}


   Skills:
 + Level 3.1 Fighting
 + Level 1.2 Maces & Flails
 + Level 4.8 Polearms
 + Level 2.2 Throwing
 + Level 2.6 Armour
 + Level 3.8 Dodging
 + Level 0.2 Evocations


You couldn't memorise any spells.
You knew the following spells:

 Your Spells              Type           Power      Damage    Failure   Level
a - Magic Dart            Conj           0%         1d3       99%         1
b - Searing Ray           Conj           0%         2d4       100%        2

Your spell library contained the following spells:

 Spells                   Type           Power      Damage    Failure   Level
 Necrotize                Necr           0%         1d4       99%         1
 Conjure Flame            Conj/Fire      0%         6-21      100%        3
 Ignite Poison            Fire/Tmut/Pois 0%         N/A       100%        3
 Vampiric Draining        Necr           0%         2d6       100%        3
 Fulminant Prism          Conj/Hex       0%         3d6       100%        4
 Sticky Flame             Conj/Fire      0%         2d3       100%        4
 Agony                    Necr           0%         N/A       100%        5
 Dispersal                Tloc           0%         N/A       100%        6
 Disjunction              Tloc           0%         N/A       100%        8


Dungeon Overview and Level Annotations

Branches:
Dungeon (4/15)
 Temple: D:4-7

Altars:
Ashenzari
Cheibriados

Shops:
D:3 =


Innate Abilities, Weirdness & Mutations

You have a pair of horns on your head.
You reflexively headbutt those who attack you in melee.


Message History

You are no longer berserk.
You are exhausted.
You feel yourself slow down.
You bump into the rock wall.
The gnoll barely misses you.
The gnoll hits you from afar with a +0 halberd!
Ouch! That really hurt!
The gnoll barely misses you. The gnoll hits you with a +0 spear.
The gnoll barely misses you. The gnoll hits you but does no damage.
The gnoll barely misses you. The gnoll closely misses you.
You miss the gnoll.
You feel less invigorated.
You feel less confused. The gnoll hits you but does no damage.
The gnoll hits you with a +0 halberd. The gnoll barely misses you.
You furiously retaliate!
You headbutt the gnoll. The gnoll completely misses you.
The gnoll hits you but does no damage. The gnoll closely misses you.
You sock the gnoll!
Your weapon exudes an aura of protection.
The gnoll is almost dead.
The gnoll hits you but does no damage. The gnoll barely misses you.
The gnoll closely misses you. You furiously retaliate!
You headbutt the gnoll.
You kill the gnoll!
The gnoll barely misses you. The gnoll closely misses you.
You hit the gnoll.
The gnoll is moderately wounded.
The gnoll hits you but does no damage. The gnoll hits you with a +0 halberd!
The gnoll misses you. The gnoll closely misses you. You furiously retaliate!
You headbutt the gnoll. You closely miss the gnoll.
The gnoll is severely wounded.
The gnoll hits you with a +0 spear.
* * * LOW HITPOINT WARNING * * *
The gnoll completely misses you. The gnoll closely misses you.
The gnoll misses you.
You barely miss the gnoll.
The gnoll is severely wounded.
The gnoll barely misses you. The gnoll hits you with a +0 halberd.
* * * LOW HITPOINT WARNING * * *
The gnoll hits you but does no damage. The gnoll hits you with a +0 halberd!
You die...

#.# #.# #.#
######.##########
#............<...
##.##
#...).......
######...###.)g@#
..............g.#
#####...##....?#
##.###.....# #.#
#####.# #.# #.#
#.# #.#
#.#######.#
#<........#


You could see 2 gnolls.

Vanquished Creatures
  4 adders
  2 gnolls (D:4)
  3 worms
  2 dart slugs
  An orc (D:3)
  6 endoplasms
  3 giant cockroaches
  6 goblins
  5 hobgoblins
  4 jackals (D:1)
  4 quokkas
  5 ball pythons
  7 bats
  6 frilled lizards
  3 kobolds
  3 rats
64 creatures vanquished.

Notes
Turn   | Place    | Note
-------+----------+-------------------------------------------
     0 | D:1      | swifteh the Minotaur Gladiator began the quest for the Orb.
     0 | D:1      | Reached XP level 1. HP: 18/18 MP: 0/0
   377 | D:1      | Reached skill level 4 in Polearms
   392 | D:1      | Reached XP level 2. HP: 25/25 MP: 1/1
   479 | D:1      | Found a faded altar of an unknown god.
   982 | D:1      | Reached XP level 3. HP: 30/30 MP: 2/2
  1330 | D:2      | Reached skill level 1 in Armour
  1797 | D:2      | Reached XP level 4. HP: 38/38 MP: 3/3
  2538 | D:3      | Learned a level 1 spell: Magic Dart
  2541 | D:3      | Learned a level 2 spell: Searing Ray
  2633 | D:3      | Found a snail-covered altar of Cheibriados.
  2691 | D:3      | Found a broken altar of Ashenzari.
  2938 | D:3      | Found Alaakk's Jewellery Boutique.
  3498 | D:4      | Reached skill level 1 in Maces & Flails
  3511 | D:4      | Mangled by a gnoll

Illustrated notes

Levels and vault maps discovered:
D:1:      dpeg_arrival_pond, layout_basic, basic_ecumenical_altar,
          chequers_arboretum
D:2:      layout_rooms, st_stairs_8, minmay_fountain_box
D:3:      layout_basic, ashenzari_conservatory_becter, slow_altar_1,
          serial_shops, shop, kennysheep_generic_room_6
D:4:      layout_loops_ring, mainiacjoe_overflow_chevrons,
          dreamdust_wishing_well, uniq_ijyb

Skill      XL: |  1  2  3  4 |
---------------+-------------+-----
Polearms       | 4 |  4.8
Armour         | 1 2 |  2.6
Fighting       | 3 |  3.1
Maces & Flails | 1 |  1.2
Throwing       | |  2.2
Dodging        | |  3.8
Evocations     | |  0.2

Action                   |  1- 3 |  4- 6 || total
-------------------------+-------+-------++-------
Melee: Trident           |    87 |    13 ||   100
       Headbutt          |    13 |     6 ||    19
       Mace              |       |    30 ||    30
       Punch             |       |     1 ||     1
Throw: Throwing net      |     1 |       ||     1
       Stone             |       |     1 ||     1
 Abil: Evoke Invisibilit |       |     2 ||     2
  Use: Potion            |       |     3 ||     3
Armor: Leather armour    |    18 |       ||    18
       Ring mail         |    13 |     4 ||    17
       Chain mail        |       |    16 ||    16
Dodge: Dodged            |    72 |    69 ||   141

Table legend: (Time is in decaauts)
 A = Elapsed time spent in this place.
 B = Non-inter-level travel time spent in this place.
 C = Inter-level travel time spent in this place.
 D = Time resting spent in this place.
 E = Time spent auto-exploring this place.
 F = Levels seen in this place.
 G = Mean time per level.
                   A        B        C        D        E       F      G
               +--------+--------+--------+--------+--------+-----+--------+
         Total |   3532 |   3532 |      0 |    669 |   1870 |   4 |  883.0 |
       Dungeon |   3532 |   3532 |      0 |    669 |   1870 |   4 |  883.0 |
               +--------+--------+--------+--------+--------+-----+--------+

Top non-repeatable levels by time:
     D:1: 1283 daAuts
     D:3: 1263 daAuts
     D:2: 950 daAuts
     D:4: 35 daAuts
